 Dungeon Crawl Stone Soup version 0.27.1-3-gb3d3a73c9e (webtiles) character file.

Game seed: 13972162033263856446

65 wildpjah the Skirmisher (level 3, -1/31 HPs)
             Began as a Palentonga Fighter on Oct 19, 2021.
             Slain by an ogre (22 damage)
             ... on level 3 of the Dungeon.
             The game lasted 00:05:35 (1387 turns).

wildpjah the Skirmisher (Palentonga Fighter)        Turns: 1387, Time: 00:05:35

Health: -1/31      AC:  8    Str: 19    XL:     3   Next: 94%
Magic:  3/3        EV:  3    Int:  8    God:
Gold:   126        SH:  8    Dex: 10    Spells: 2/2 levels left

rFire    . . .     SeeInvis +   a - +0 long sword
rCold    . . .     Faith    .   c - +0 kite shield
rNeg     + . .     Spirit   .   h - +0 chain mail
rPois    .         Reflect  .   (no helmet)
rElec    .         Harm     .   (no cloak)
rCorr    .         Rampage  .   (no gloves)
Will     .....                  (no barding)
Stlth    ..........             (no amulet)
HPRegen  0.10/turn              o - ring of positive energy
MPRegen  0.08/turn              (no ring)

@: no status effects
A: large, rugged brown scales 3, see invisible, deformed body, roll 1, armoured
tail
a: Rolling Charge


You were on level 3 of the Dungeon.
You visited 1 branch of the dungeon, and saw 3 of its levels.

You collected 126 gold pieces.

Inventory:

Hand Weapons
 a - a +0 long sword (weapon)
Armour
 c - a +0 kite shield (worn)
 h - a +0 chain mail (worn)
Jewellery
 o - a ring of positive energy (left hand)
Scrolls
 b - a scroll of identify {unknown}
 e - a scroll of acquirement {unknown}
 f - a scroll of holy word {unknown}
 j - 2 scrolls of blinking {unknown}
 l - a scroll of brand weapon {unknown}
 n - a scroll of teleportation {unknown}
Potions
 d - a potion of might
 g - 2 potions of degeneration {unknown}
 i - a potion of haste {unknown}
 k - a potion of curing {unknown}
 m - a potion of lignification {unknown}


   Skills:
 * Level 3.4 Fighting
 + Level 2.6 Long Blades
 + Level 2.8 Armour
 + Level 0.9 Dodging
 + Level 2.8 Shields


You had 2 spell levels left.
You didn't know any spells.
Your spell library contained the following spells:

 Spells                   Type           Power      Damage    Failure   Level
 Slow                     Hex            0%         N/A       100%        2
 Confusing Touch          Hex            0%         N/A       100%        3
 Vampiric Draining        Necr           0%         2d6       100%        3


Dungeon Overview and Level Annotations

Branches:
Dungeon (3/15)

Altars:

Shops:
D:1 =   D:2 :


Innate Abilities, Weirdness & Mutations

You are completely covered in rugged brown scales. (AC +3, +7% HP)
You have supernaturally acute eyesight. (SInv)
Armour fits poorly on your strangely shaped body.
You can roll at nearby foes to attack.
You have a long armoured tail.


Message History

You block the giant cockroach's attack.
You barely miss the giant cockroach.
Your tail-slap misses the giant cockroach.
The giant cockroach bites you but does no damage. x2
You slash the giant cockroach!
You kill the giant cockroach!
No target in view!
You now have 126 gold pieces (gained 10).
Found a scroll labelled YCKAZX RUSIL.
n - a scroll labelled YCKAZX RUSIL A ball python comes into view.
Found a golden ring.
The ball python hisses angrily.
There's nothing you can charge at!
Roll where?
Press: ? - help, Dir - move target, f - ball python
Aim: a ball python You roll forward with a clatter of scales!
You slash the ball python!
You kill the ball python!
o - a ring of positive energy
o - a ring of positive energy (left hand)
Found a stone staircase leading up.
There is a stone staircase leading up here.
Found 7 bolts.
An ogre comes into view. It is wielding a +0 giant club.
The ogre shouts!
Roll where?
Press: ? - help, Dir - move target, f - ogre
Aim: an ogre, wielding a +0 giant club You roll forward with a clatter of scales!
You hit the ogre but do no damage. You block the ogre's attack.
You slash the ogre!
The ogre is moderately wounded.
The ogre hits you with a +0 giant club!
You hit the ogre. You tail-slap the ogre.
The ogre is heavily wounded.
The ogre hits you with a +0 giant club!!
Ouch! That really hurt!
You die...

### #.# #..
#.# #.#####
#.#
#..O@.###
#.#
#.######°..#
#.#
#...(......#
#.#
########...#
#.# #...#
#.#
#...#######
###.#
#..........
..#<#
##.########
#.#.# # #.#
#.#.#


You could see an ogre.

Vanquished Creatures
  4 adders (D:2)
  A dart slug (D:2)
  2 endoplasms
  4 giant cockroaches
  A goblin (D:2)
  2 hobgoblins
  2 kobolds (D:2)
  2 quokkas (D:2)
  5 ball pythons
  3 rats
26 creatures vanquished.

Notes
Turn   | Place    | Note
-------+----------+-------------------------------------------
     0 | D:1      | wildpjah the Palentonga Fighter began the quest for the
                  | Orb.
     0 | D:1      | Reached XP level 1. HP: 19/19 MP: 1/1
    63 | D:1      | Found Fawuoq's Jewellery Shoppe.
    86 | D:1      | Found a faded altar of an unknown god.
   169 | D:1      | You fall into a shaft and drop 1 floor!
   231 | D:2      | Reached XP level 2. HP: 22/25 MP: 2/2
   331 | D:2      | Found Fushejucuc's Book Shoppe.
   630 | D:2      | Reached XP level 3. HP: 31/31 MP: 3/3
  1384 | D:3      | Noticed an ogre
  1387 | D:3      | Slain by an ogre

Illustrated notes

Levels and vault maps discovered:
D:1:      ldierk_walled_garden, layout_basic,
          shapermc_ecumenical_altar_starsandcircs, serial_shops,
          nicolae_diamond_shop, minmay_fountain_box, hangedman_glass_teeth
D:2:      layout_loops_ring, serial_shops, shop_fountains
D:3:      layout_basic, mainiacjoe_overflow_paths

Action                   || total
-------------------------++-------
Melee: Long sword        ||    80
       Tailslap          ||     5
 Abil: Rolling Charge    ||     5
Armor: Scale mail        ||     8
       Chain mail        ||    34
Dodge: Dodged            ||    13
Block: Kite shield       ||    40
       Rpst.: Long sword ||     6
